 Dungeon Crawl Stone Soup version 0.29.0-4-gdea44cf6ec (webtiles) character file.

Game seed: 15666652139300607302

30558 qw the Severer (level 13, -10/126 HPs)
             Began as a Minotaur Berserker on Sept 6, 2022.
             Was an Elder of Trog.
             Mangled by a death yak (11 damage)
             ... on level 5 of the Lair of Beasts.
             The game lasted 00:05:25 (16634 turns).

qw the Severer (Minotaur Berserker)                Turns: 16634, Time: 00:05:26

Health: -10/126    AC: 24    Str: 38    XL:     13   Next: 21%
Magic:  0/12       EV: 12    Int:  7    God:    Trog [****..]
Gold:   630        SH:  0    Dex: 12    Spells: 12/12 levels left

rFire   + . .      SeeInvis .   c - +6 war axe "Ufeseiru" {freeze, rElec rF++}
rCold   + . .      Faith    .   (no shield)
rNeg    . . .      Spirit   +   e - +0 plate armour
rPois   +          Reflect  .   (helmet restricted)
rElec   +          Harm     .   x - +0 cloak
rCorr   .          Rampage  .   a - +2 pair of gloves "Ytats" {Str+3 Dex+3}
Will    +....                   t - +1 pair of boots
Stlth   ..........              n - amulet of guardian spirit
HPRegen 0.31/turn               i - ring of Tataris {Ice Contam Str+9 Int+4 Dex-5}
MPRegen 0.13/turn               l - ring of poison resistance

@: about to teleport, on berserk cooldown, slowed, very slow
A: horns 2, retaliatory headbutt, agile 1, strong-willed 1
a: Renounce Religion, Berserk, Trog's Hand, Brothers in Arms


You were on level 5 of the Lair of Beasts.
You worshipped Trog.
Trog was greatly pleased with you.
You visited 2 branches of the dungeon, and saw 14 of its levels.

You collected 630 gold pieces.


Innate Abilities, Weirdness & Mutations

You have a pair of horns on your head.
You reflexively headbutt those who attack you in melee.
You are agile. (Dex +4, Str/Int -1)
You are strong-willed. (Will+)


   Skills:
 - Level 15.0 Fighting
 - Level 16.2 Axes
 - Level 1.8 Throwing
 - Level 14.2 Armour
 + Level 7.5 Dodging


You had 12 spell levels left.
You didn't know any spells.
Your spell library was empty.

Inventory:

Hand Weapons
 c - the +6 war axe "Ufeseiru" (weapon) {freeze, rElec rF++}
   (You took it off an orc warrior on level 6 of the Dungeon)

   It freezes those it strikes, dealing additional cold damage.
   It can also slow down cold-blooded creatures.
   rF:        It greatly protects you from fire.
   rElec:     It insulates you from electricity.
 k - a +0 morningstar
 o - a +0 broad axe
Armour
 a - the +2 pair of gloves "Ytats" (worn) {Str+3 Dex+3}
   (You acquired it on level 1 of the Dungeon)

   Str:       It affects your strength (+3).
   Dex:       It affects your dexterity (+3).
 e - a +0 plate armour (worn)
 q - the +1 pair of gloves "Ussep" {rElec rF+ Will+}
   (You acquired it on level 1 of the Lair of Beasts)

   rF:        It protects you from fire.
   rElec:     It insulates you from electricity.
   Will:      It increases your willpower.
 t - a +1 pair of boots (worn)
 x - a +0 cloak (worn)
Jewellery
 f - a +4 ring of evasion
 i - the ring of Tataris (left hand) {Ice Contam Str+9 Int+4 Dex-5}
   (You found it on level 8 of the Dungeon)

   [ring of ice]

   It enhances your ice magic.
   Str:       It affects your strength (+9).
   Int:       It affects your intelligence (+4).
   Dex:       It affects your dexterity (-5).
   rF:        It makes you vulnerable to fire.
   rC:        It protects you from cold.
   Contam:    It causes magical contamination when unequipped.
 j - a +4 ring of protection
 l - a ring of poison resistance (right hand)
 n - an amulet of guardian spirit (around neck)
 w - a ring of poison resistance
Scrolls
 d - 2 scrolls of identify
 s - a scroll of teleportation
Potions
 b - 3 potions of cancellation
 h - 5 potions of curing
 m - 2 potions of mutation
 p - a potion of resistance
 r - a potion of haste
 v - a potion of might

Dungeon Overview and Level Annotations

Branches:
Dungeon (9/15)             Temple (0/1) D:5            Lair (5/5) D:9
 Shoals (0/4) Lair:3        Snake (0/4) Lair:2        Slime (0/5) Lair:4
    Orc: D:9-12

Altars:
Dithmenos
Elyvilon
Hepliaklqana
Makhleb
Okawaru
Ru
Sif Muna
Uskayaw
Zin
Jiyva

Shops:
D:1 =

Annotations:
D:5 1 runed translucent door
D:8 4 runed translucent doors


Message History

You hit the death yak. You freeze the death yak. You slash the death yak!
You freeze the death yak. You slash the yak! You freeze the yak.
You kill the yak!
Trog accepts your kill.
You hit the death yak. You freeze the death yak. You slash the blink frog!
You freeze the blink frog.
The blink frog blinks!
The death yak barely misses you. The death yak closely misses you.
You furiously retaliate!
You headbutt the death yak.
The death yak gores you but does no damage.
Your Armour skill increases to level 14!
You slash the blink frog! You freeze the blink frog.
You kill the blink frog!
Trog accepts your kill.
You hit the death yak. You freeze the death yak. You slice the death yak!!
You freeze the death yak. You hit the death yak but do no damage.
The death yak gores you but does no damage.
The death yak gores you.
The death yak gores you but does no damage.
You hit the death yak. You freeze the death yak.
Your headbutt misses the death yak.
The death yak is almost dead.
You slash the death yak! You freeze the death yak.
You hit the death yak but do no damage. The death yak gores you.
The death yak gores you! The death yak barely misses you.
You barely miss the death yak.
The death yak is almost dead.
You hit the death yak but do no damage. You slash the death yak!
You freeze the death yak!
You kill the death yak!
Trog accepts your kill. The death yak gores you! The death yak gores you!!
16634 ||| READING 2 scrolls of teleportation.
As you read the scroll of teleportation, it crumbles to dust.
You feel strangely unstable.
The blink frog blinks!
The death yak gores you but does no damage.
The death yak gores you! x2
You die...

...[ ....###
.....#.
.......#####
.........#.#
...F.......##
......%%%...#
.#ยค%@....####
#...YY%....#.#
...###P.......###
. ##.........#
##.......####
###.......P#
#......%%####
###....%..#.#
##........###


You could see 2 death yaks and a blink frog.

Vanquished Creatures
  A boulder beetle (Lair:4)
  3 hydras
  A catoblepas (Lair:3)
  A two-headed ogre (D:9)
  4 death yaks (Lair:5)
  Amaemon (Lair:1)
  Pikel (D:7)
  A cyclops (D:8)
  2 black mambas
  An elephant (Lair:5)
  A manticore (Lair:3)
  Joseph (D:7)
  2 rust devils (D:6)
  An orange demon (Lair:1)
  10 komodo dragons
  2 rime drakes (Lair:5)
  9 cane toads
  Psyche (D:9)
  A polar bear (Lair:4)
  A meliai (shapeshifter) (D:8)
  8 blink frogs
  A wind drake (Lair:3)
  2 slime creatures (Lair:4)
  A shadow (D:9)
  A vampire (D:9)
  6 wyverns
  22 yaks
  3 basilisks
  2 humans (D:7)
  A vampire mosquito (D:8)
  2 steam dragons
  3 nagas (Lair:2)
  14 water moccasins
  A hell hound (Lair:5)
  3 orc warriors
  3 ice beasts
  3 ogres
  2 black bears
  9 wolves
  A centaur (D:8)
  4 lemures (D:7)
  3 phantoms
  8 bullfrogs
  A necrophage (D:8)
  3 scorpions
  17 wights
  4 killer bees
  2 howler monkeys (D:9)
  8 jellies
  6 orc priests
  3 hounds
  Natasha (thrice) (D:4)
  3 iguanas
  7 orc wizards
  8 adders
  A shadow imp (D:5)
  A white imp (D:5)
  2 worms
  3 dart slugs
  26 orcs
  9 ball pythons
  8 endoplasms
  5 giant cockroaches
  10 goblins
  8 hobgoblins
  10 jackals
  7 quokkas
  3 bats
  A frilled lizard (D:3)
  4 kobolds
  12 rats
323 creatures vanquished.

Vanquished Creatures (collateral kills)
  A blink frog (Lair:5)
1 creature vanquished.

Vanquished Creatures (others)
  A ball python (D:4)
  12 fungi
  78 plants
91 creatures vanquished.

Grand Total: 415 creatures vanquished

Notes
Turn   | Place    | Note
-------+----------+-------------------------------------------
     0 | D:1      | qw the Minotaur Berserker began the quest for the Orb.
     0 | D:1      | Reached XP level 1. HP: 19/19 MP: 0/0
     0 | D:1      | 0 ||| qw: Version: 0.1-a-108-g9e35731
     0 | D:1      | 0 ||| qw: Game counter: 6393
     0 | D:1      | 0 ||| qw: Always use a shield: true
     0 | D:1      | 0 ||| qw: Do Orc after D:15 true
     0 | D:1      | 0 ||| qw: Do second Lair branch before Depths: true
     0 | D:1      | 0 ||| qw: Lair rune preference: random
     0 | D:1      | 0 ||| qw: Plans: Normal
     0 | D:1      | 0 ||| PLANNING D:1-11
    85 | D:1      | 85 ||| Stepping ~*~*~tactically~*~*~ (stealth).
    87 | D:1      | 87 ||| Stepping ~*~*~tactically~*~*~ (stealth).
    89 | D:1      | Reached skill level 4 in Axes
   139 | D:1      | Reached XP level 2. HP: 19/26 MP: 1/1
   147 | D:1      | 147 ||| INVOKING Berserk.
   318 | D:1      | Found a faded altar of an unknown god.
   491 | D:1      | 491 ||| Stepping ~*~*~tactically~*~*~ (stealth).
   493 | D:1      | 493 ||| Stepping ~*~*~tactically~*~*~ (stealth).
   495 | D:1      | 495 ||| Stepping ~*~*~tactically~*~*~ (stealth).
   529 | D:1      | 529 ||| Stepping ~*~*~tactically~*~*~ (stealth).
   579 | D:1      | Reached skill level 5 in Axes
   817 | D:1      | Found Pergh's Jewellery Shoppe.
   820 | D:1      | 820 ||| SHOPLISTING amulet "Gifa" {RegenMP rC+} (616 gold,
                  | have 84).
   820 | D:1      | 820 ||| SHOPLISTING amulet of regeneration (420 gold, have
                  | 84).
   820 | D:1      | 820 ||| SHOPLISTING amulet of the acrobat (420 gold, have
                  | 84).
   820 | D:1      | 820 ||| SHOPLISTING ring of fire (350 gold, have 84).
   825 | D:1      | Reached XP level 3. HP: 31/31 MP: 2/2
  1063 | D:1      | 1063 ||| UPGRADING to +0 chain mail.
  1073 | D:1      | 1073 ||| DROPPING +0 animal skin.
  1074 | D:1      | 1074 ||| UPGRADING to +4 ring of evasion.
  1075 | D:1      | 1075 ||| READING 2 scrolls labelled AREOMUU TAYKK.
  1076 | D:1      | 1076 ||| READING scroll of enchant weapon.
  1076 | D:1      | 1076 ||| ENCHANTING +1 hand axe.
  1077 | D:1      | 1077 ||| READING 2 scrolls labelled IZXURO MIMUHECAC.
  1078 | D:1      | 1078 ||| READING scroll labelled TEYK CISHROYN.
  1078 | D:1      | Identified a scroll of acquirement
  1078 | D:1      | 1078 ||| ACQUIRING +2 pair of gloves "Ytats" {Str+3 Dex+3}
  1078 | D:1      | Acquired the +2 pair of gloves "Ytats" {Str+3 Dex+3}
  1080 | D:1      | 1080 ||| UPGRADING to +2 pair of gloves "Ytats" {Str+3
                  | Dex+3}.
  1288 | D:2      | Reached skill level 6 in Axes
  1288 | D:2      | Reached XP level 4. HP: 39/39 MP: 3/3
  1312 | D:2      | Reached ** piety under Trog
  1348 | D:2      | 1348 ||| Stepping ~*~*~tactically~*~*~ (stealth).
  1406 | D:2      | 1406 ||| SWAPPING to +0 war axe.
  1407 | D:2      | 1407 ||| DROPPING +2 hand axe.
  1409 | D:2      | 1409 ||| READING scroll labelled FEIHU ABRETZ.
  1411 | D:2      | 1411 ||| FLEEEEING.
  1496 | D:2      | 1496 ||| READING scroll labelled SUAMEI TUOB.
  1497 | D:2      | 1497 ||| Stepping randomly (stuck).
  1498 | D:2      | 1498 ||| Stepping randomly (stuck).
  1499 | D:2      | 1499 ||| Stepping randomly (stuck).
  1500 | D:2      | 1500 ||| Stepping randomly (stuck).
  1501 | D:2      | 1501 ||| Stepping randomly (stuck).
  1502 | D:2      | 1502 ||| Stepping randomly (stuck).
  1503 | D:2      | 1503 ||| Stepping randomly (stuck).
  1504 | D:2      | 1504 ||| Stepping randomly (stuck).
  1505 | D:2      | 1505 ||| Stepping randomly (stuck).
  1506 | D:2      | 1506 ||| Stepping randomly (stuck).
  1507 | D:2      | 1507 ||| Stepping randomly (stuck).
  1508 | D:2      | 1508 ||| Stepping randomly (stuck).
  1509 | D:2      | 1509 ||| Stepping randomly (stuck).
  1510 | D:2      | 1510 ||| Stepping randomly (stuck).
  1511 | D:2      | 1511 ||| Stepping randomly (stuck).
  1512 | D:2      | 1512 ||| Stepping randomly (stuck).
  1513 | D:2      | 1513 ||| Stepping randomly (stuck).
  1514 | D:2      | 1514 ||| Stepping randomly (stuck).
  1515 | D:2      | 1515 ||| Stepping randomly (stuck).
  1516 | D:2      | 1516 ||| Stepping randomly (stuck).
  1517 | D:2      | 1517 ||| Stepping randomly (stuck).
  1518 | D:2      | 1518 ||| Stepping randomly (stuck).
  1519 | D:2      | 1519 ||| Stepping randomly (stuck).
  1520 | D:2      | 1520 ||| Stepping randomly (stuck).
  1521 | D:2      | 1521 ||| Stepping randomly (stuck).
  1522 | D:2      | 1522 ||| Stepping randomly (stuck).
  1523 | D:2      | 1523 ||| Stepping randomly (stuck).
  1524 | D:2      | 1524 ||| Stepping randomly (stuck).
  1525 | D:2      | 1525 ||| Stepping randomly (stuck).
  1526 | D:2      | 1526 ||| Stepping randomly (stuck).
  1527 | D:2      | 1527 ||| Stepping randomly (stuck).
  1528 | D:2      | 1528 ||| Stepping randomly (stuck).
  1529 | D:2      | 1529 ||| Stepping randomly (stuck).
  1530 | D:2      | 1530 ||| Stepping randomly (stuck).
  1531 | D:2      | 1531 ||| Stepping randomly (stuck).
  1532 | D:2      | 1532 ||| Stepping randomly (stuck).
  1533 | D:2      | 1533 ||| Stepping randomly (stuck).
  1681 | D:3      | 1681 ||| Stepping ~*~*~tactically~*~*~ (stealth).
  2196 | D:3      | 2196 ||| INVOKING Berserk.
  2201 | D:3      | Reached skill level 7 in Axes
  2201 | D:3      | Reached XP level 5. HP: 45/45 MP: 4/4
  2604 | D:3      | 2604 ||| DRINKING 2 dark potions.
  2666 | D:4      | Noticed Natasha
  2667 | D:4      | 2667 ||| Stepping ~*~*~tactically~*~*~ (hiding).
  2670 | D:4      | 2670 ||| INVOKING Berserk.
  2671 | D:4      | Killed Natasha
  2693 | D:4      | 2693 ||| Stepping ~*~*~tactically~*~*~ (stealth).
  2696 | D:4      | 2696 ||| FLEEEEING.
  2697 | D:4      | 2697 ||| FLEEEEING.
  2698 | D:4      | 2698 ||| FLEEEEING.
  2698 | D:4      | Noticed Natasha
  2702 | D:4      | 2702 ||| INVOKING Berserk.
  2703 | D:4      | Killed Natasha
  2725 | D:4      | Reached *** piety under Trog
  2900 | D:4      | 2900 ||| Stepping ~*~*~tactically~*~*~ (stealth).
  2907 | D:4      | 2907 ||| Stepping ~*~*~tactically~*~*~ (hiding).
  2913 | D:4      | Reached XP level 6. HP: 52/52 MP: 5/5
  2913 | D:4      | 2913 ||| INVOKING Berserk.
  2921 | D:4      | Reached skill level 8 in Axes
  2950 | D:4      | 2950 ||| FLEEEEING.
  2951 | D:4      | 2951 ||| FLEEEEING.
  2952 | D:4      | 2952 ||| FLEEEEING.
  2953 | D:4      | 2953 ||| FLEEEEING.
  2954 | D:4      | 2954 ||| Stepping ~*~*~tactically~*~*~ (hiding).
  3100 | D:4      | 3100 ||| Stepping ~*~*~tactically~*~*~ (stealth).
  3167 | D:4      | 3167 ||| INVOKING Berserk.
  3184 | D:4      | Noticed Natasha
  3187 | D:4      | 3187 ||| FLEEEEING.
  3193 | D:4      | HP: 13/52 [Natasha (2)]
  3194 | D:4      | 3194 ||| DRINKING potion of heal wounds.
  3199 | D:4      | Killed Natasha
  3688 | D:4      | Found a sacrificial altar of Ru.
  3689 | D:4      | Found a hazy altar of Hepliaklqana.
  3741 | D:4      | 3741 ||| UPGRADING to amulet of guardian spirit.
  3746 | D:4      | 3746 ||| UPGRADING to ring of poison resistance.
  3747 | D:4      | 3747 ||| READING scroll labelled UTECVO HUOSUU.
  3748 | D:4      | 3748 ||| READING scroll labelled LEOBAM NUTISESI.
  3749 | D:4      | 3749 ||| DRINKING 2 metallic silvery potions.
  3749 | D:4      | Gained mutation: You are strong-willed. (Will+) [potion of
                  | mutation]
  3749 | D:4      | Gained mutation: You are agile. (Dex +4, Str/Int -1)
                  | [potion of mutation]
  3750 | D:4      | 3750 ||| READING 2 scrolls of identify.
  3750 | D:4      | 3750 ||| IDENTIFYING amethyst potion
  3751 | D:4      | 3751 ||| Stepping randomly (stuck).
  3752 | D:4      | 3752 ||| Stepping randomly (stuck).
  3753 | D:4      | 3753 ||| Stepping randomly (stuck).
  3754 | D:4      | 3754 ||| Stepping randomly (stuck).
  3755 | D:4      | 3755 ||| Stepping randomly (stuck).
  3756 | D:4      | 3756 ||| Stepping randomly (stuck).
  3757 | D:4      | 3757 ||| Stepping randomly (stuck).
  3758 | D:4      | 3758 ||| Stepping randomly (stuck).
  3759 | D:4      | 3759 ||| Stepping randomly (stuck).
  3926 | D:4      | Reached skill level 9 in Axes
  3997 | D:4      | Reached skill level 3 in Armour
  4158 | D:5      | Entered Level 5 of the Dungeon
  4159 | D:5      | 4159 ||| PLANNING SEWER
  4159 | D:5      | 4159 ||| INVOKING Berserk.
  4161 | D:5      | Reached XP level 7. HP: 60/60 MP: 6/6
  4171 | D:5      | 4171 ||| FLEEEEING.
  4173 | D:5      | 4173 ||| STAIRDANCE
  4285 | D:5      | 4285 ||| DROPPING +0 whip.
  4286 | D:5      | Found a hide-covered altar of Uskayaw.
  4331 | D:5      | 4331 ||| Stepping ~*~*~tactically~*~*~ (stealth).
  4499 | D:5      | Found a staircase to the Ecumenical Temple.
  4501 | D:5      | 4501 ||| INVOKING Berserk.
  4618 | D:5      | 4618 ||| DROPPING +0 hand axe of freezing.
  4675 | D:5      | Found a glowing silver altar of Zin.
  4723 | D:5      | Reached skill level 10 in Axes
  4776 | D:5      | 4776 ||| INVOKING Berserk.
  4779 | D:5      | 4779 ||| RIP SEWER
  4782 | D:5      | 4782 ||| PLANNING D:1-11
  5053 | D:5      | 5053 ||| FLEEEEING.
  5054 | D:5      | 5054 ||| FLEEEEING.
  5055 | D:5      | 5055 ||| FLEEEEING.
  5056 | D:5      | 5056 ||| FLEEEEING.
  5057 | D:5      | 5057 ||| FLEEEEING.
  5058 | D:5      | 5058 ||| FLEEEEING.
  5063 | D:5      | 5063 ||| FLEEEEING.
  5064 | D:5      | 5064 ||| FLEEEEING.
  5065 | D:5      | 5065 ||| FLEEEEING.
  5069 | D:5      | 5069 ||| FLEEEEING.
  5070 | D:5      | 5070 ||| FLEEEEING.
  5071 | D:5      | 5071 ||| FLEEEEING.
  5072 | D:5      | 5072 ||| FLEEEEING.
  5073 | D:5      | 5073 ||| FLEEEEING.
  5074 | D:5      | 5074 ||| FLEEEEING.
  5079 | D:5      | 5079 ||| Stepping ~*~*~tactically~*~*~ (hiding).
  5084 | D:5      | 5084 ||| INVOKING Berserk.
  5086 | D:5      | Reached skill level 6 in Fighting
  5090 | D:5      | Reached XP level 8. HP: 70/70 MP: 4/7
  5094 | D:5      | Reached skill level 3 in Dodging
  5467 | D:5      | Found a runed translucent door.
  5472 | D:5      | 5472 ||| READING scroll labelled FAIJAB LIDUTIA.
  5620 | D:5      | 5620 ||| READING scroll labelled YSAESHR UKOIGO.
  5621 | D:5      | 5621 ||| DRINKING 2 fuming black potions.
  5651 | D:5      | 5651 ||| READING 2 scrolls of identify.
  5651 | D:5      | 5651 ||| IDENTIFYING smoky grey potion
  5652 | D:5      | 5652 ||| DROPPING potion of ambrosia.
  5653 | D:5      | 5653 ||| DROPPING potion of lignification.
  5705 | D:6      | 5705 ||| FLEEEEING.
  5706 | D:6      | 5706 ||| FLEEEEING.
  5707 | D:6      | 5707 ||| FLEEEEING.
  5708 | D:6      | 5708 ||| FLEEEEING.
  5709 | D:6      | 5709 ||| STAIRDANCE
  5895 | D:6      | 5895 ||| INVOKING Berserk.
  5899 | D:6      | Reached skill level 11 in Axes
  5899 | D:6      | 5899 ||| STAIRDANCE
  6100 | D:6      | 6100 ||| Stepping ~*~*~tactically~*~*~ (stealth).
  6105 | D:6      | 6105 ||| Stepping ~*~*~tactically~*~*~ (stealth).
  6115 | D:6      | 6115 ||| Stepping ~*~*~tactically~*~*~ (stealth).
  6117 | D:6      | 6117 ||| Stepping ~*~*~tactically~*~*~ (stealth).
  6119 | D:6      | 6119 ||| Stepping ~*~*~tactically~*~*~ (stealth).
  6121 | D:6      | 6121 ||| Stepping ~*~*~tactically~*~*~ (stealth).
  6131 | D:6      | Found a shimmering blue altar of Sif Muna.
  6313 | D:6      | 6313 ||| Stepping ~*~*~tactically~*~*~ (stealth).
  6320 | D:6      | 6320 ||| INVOKING Berserk.
  6587 | D:6      | 6587 ||| UPGRADING to +0 pair of boots.
  6592 | D:6      | 6592 ||| DROPPING ring of magical power.
  6593 | D:6      | 6593 ||| READING scroll labelled XIESUA GOMU.
  6594 | D:6      | 6594 ||| DRINKING 2 fizzy inky potions.
  6595 | D:6      | 6595 ||| READING 2 scrolls of identify.
  6595 | D:6      | 6595 ||| IDENTIFYING glowing coppery potion
  6596 | D:6      | 6596 ||| DROPPING potion of invisibility.
  6597 | D:6      | 6597 ||| DROPPING potion of brilliance.
  6607 | D:7      | 6607 ||| Stepping ~*~*~tactically~*~*~ (hiding).
  6616 | D:7      | Reached skill level 12 in Axes
  6711 | D:7      | 6711 ||| Stepping ~*~*~tactically~*~*~ (stealth).
  6712 | D:7      | 6712 ||| Stepping ~*~*~tactically~*~*~ (stealth).
  6718 | D:7      | 6718 ||| FLEEEEING.
  6719 | D:7      | 6719 ||| FLEEEEING.
  6720 | D:7      | 6720 ||| FLEEEEING.
  6721 | D:7      | 6721 ||| FLEEEEING.
  6722 | D:7      | 6722 ||| FLEEEEING.
  6724 | D:7      | 6724 ||| FLEEEEING.
  6725 | D:7      | 6725 ||| FLEEEEING.
  6726 | D:7      | 6726 ||| FLEEEEING.
  6727 | D:7      | 6727 ||| FLEEEEING.
  6728 | D:7      | 6728 ||| FLEEEEING.
  6733 | D:7      | 6733 ||| FLEEEEING.
  6734 | D:7      | 6734 ||| FLEEEEING.
  6735 | D:7      | 6735 ||| STAIRDANCE
  6736 | D:6      | Identified the +6 war axe "Ufeseiru" {freeze, rElec rF++}
  6736 | D:6      | Noticed a rust devil
  6736 | D:6      | Noticed a rust devil
  6737 | D:6      | 6737 ||| INVOKING Berserk.
  6741 | D:6      | Reached XP level 9. HP: 67/79 MP: 5/8
  6742 | D:6      | Killed a rust devil
  6743 | D:6      | Reached skill level 6 in Armour
  6747 | D:6      | Killed a rust devil
  6748 | D:6      | Reached skill level 13 in Axes
  6923 | D:6      | 6923 ||| SWAPPING to +6 war axe "Ufeseiru" {freeze, rElec
                  | rF++}.
  6924 | D:6      | 6924 ||| DROPPING +0 war axe.
  6931 | D:6      | 6931 ||| DROPPING +0 flail.
  6932 | D:6      | 6932 ||| UPGRADING to +0 plate armour.
  6942 | D:6      | 6942 ||| DROPPING +0 chain mail.
  7009 | D:7      | Found a burning altar of Makhleb.
  7067 | D:7      | 7067 ||| INVOKING Berserk.
  7191 | D:7      | 7191 ||| Stepping ~*~*~tactically~*~*~ (hiding).
  7196 | D:7      | 7196 ||| INVOKING Berserk.
  7326 | D:7      | 7326 ||| Stepping ~*~*~tactically~*~*~ (stealth).
  7327 | D:7      | 7327 ||| Stepping ~*~*~tactically~*~*~ (stealth).
  7327 | D:7      | Noticed Pikel
  7328 | D:7      | 7328 ||| Stepping ~*~*~tactically~*~*~ (stealth).
  7329 | D:7      | 7329 ||| Stepping ~*~*~tactically~*~*~ (stealth).
  7330 | D:7      | 7330 ||| Stepping ~*~*~tactically~*~*~ (stealth).
  7334 | D:7      | 7334 ||| INVOKING Berserk.
  7341 | D:7      | Killed Pikel
  7484 | D:7      | Found an iron altar of Okawaru.
  7520 | D:7      | Noticed Joseph
  7526 | D:7      | Killed Joseph
  7527 | D:7      | Reached XP level 10. HP: 90/90 MP: 9/9
  7733 | D:7      | 7733 ||| READING scroll labelled KAGASI ZUQI.
  7834 | D:7      | 7834 ||| READING scroll labelled MAYNYRPH ITYWN.
  7835 | D:7      | 7835 ||| READING 2 scrolls of identify.
  7835 | D:7      | 7835 ||| IDENTIFYING murky yellow potion
  7836 | D:7      | 7836 ||| DROPPING potion of flight.
  7923 | D:8      | Reached **** piety under Trog
  7924 | D:8      | Reached skill level 14 in Axes
  8026 | D:8      | 8026 ||| Stepping ~*~*~tactically~*~*~ (stealth).
  8027 | D:8      | 8027 ||| Stepping ~*~*~tactically~*~*~ (stealth).
  8044 | D:8      | 8044 ||| Stepping ~*~*~tactically~*~*~ (stealth).
  8051 | D:8      | 8051 ||| Stepping ~*~*~tactically~*~*~ (stealth).
  8165 | D:8      | Found a large runed translucent door.
  8176 | D:8      | Found a large runed translucent door.
  8177 | D:8      | Noticed a deep elf pyromancer
  8187 | D:8      | Found a large runed translucent door.
  8187 | D:8      | Found a large runed translucent door.
  8261 | D:8      | 8261 ||| Stepping ~*~*~tactically~*~*~ (stealth).
  8263 | D:8      | 8263 ||| Stepping ~*~*~tactically~*~*~ (hiding).
  8343 | D:8      | Reached skill level 1 in Throwing
  8625 | D:8      | Noticed a cyclops
  8633 | D:8      | 8633 ||| INVOKING Berserk.
  8635 | D:8      | Killed a cyclops
  8636 | D:8      | Reached skill level 15 in Axes
  8790 | D:8      | 8790 ||| Stepping ~*~*~tactically~*~*~ (stealth).
  8814 | D:8      | 8814 ||| INVOKING Berserk.
  8932 | D:8      | Identified the ring of Tataris {Ice Contam Str+9 Int+4
                  | Dex-5}
  9098 | D:8      | 9098 ||| UPGRADING to ring of Tataris {Ice Contam Str+9
                  | Int+4 Dex-5}.
  9100 | D:8      | 9100 ||| DROPPING ring of ice.
  9101 | D:8      | 9101 ||| READING scroll labelled USATAA PUFINN.
  9102 | D:8      | 9102 ||| DRINKING 2 smoky yellow potions.
  9103 | D:8      | 9103 ||| READING 2 scrolls of identify.
  9103 | D:8      | 9103 ||| IDENTIFYING metallic black potion
  9124 | D:9      | Noticed a two-headed ogre
  9124 | D:9      | Found a staircase to the Lair.
  9129 | D:9      | Reached skill level 9 in Fighting
  9132 | D:9      | 9132 ||| INVOKING Berserk.
  9139 | D:9      | Killed a two-headed ogre
  9140 | D:9      | Reached skill level 16 in Axes
  9140 | D:9      | Reached XP level 11. HP: 97/97 MP: 6/10
  9347 | D:9      | 9347 ||| FLEEEEING.
  9348 | D:9      | 9348 ||| STAIRDANCE
  9603 | D:9      | 9603 ||| INVOKING Berserk.
  9704 | D:9      | 9704 ||| Stepping ~*~*~tactically~*~*~ (stealth).
  9713 | D:9      | Reached skill level 9 in Armour
  9730 | D:9      | 9730 ||| Stepping ~*~*~tactically~*~*~ (stealth).
  9867 | D:9      | Found a white marble altar of Elyvilon.
  9922 | D:9      | Noticed Psyche
  9931 | D:9      | 9931 ||| INVOKING Berserk.
  9933 | D:9      | Killed Psyche
 10063 | D:9      | Found a shadowy altar of Dithmenos.
 10249 | D:9      | 10249 ||| INVOKING Berserk.
 10478 | D:9      | 10478 ||| PLANNING LAIR
 10523 | Lair:1   | Entered Level 1 of the Lair of Beasts
 10523 | Lair:1   | Noticed an eight-headed hydra
 10524 | Lair:1   | 10524 ||| INVOKING Brothers in Arms.
 10525 | Lair:1   | 10525 ||| INVOKING Brothers in Arms.
 10527 | Lair:1   | 10527 ||| SWAPPING to +0 morningstar.
 10529 | Lair:1   | 10529 ||| INVOKING Berserk.
 10531 | Lair:1   | Killed an eight-headed hydra
 10540 | Lair:1   | 10540 ||| SWAPPING to +6 war axe "Ufeseiru" {freeze, rElec
                  | rF++}.
 10693 | Lair:1   | 10693 ||| READING scroll of enchant armour.
 10693 | Lair:1   | 10693 ||| ENCHANTING +0 pair of boots.
 10698 | Lair:1   | Noticed Amaemon
 10702 | Lair:1   | 10702 ||| INVOKING Berserk.
 10705 | Lair:1   | Killed Amaemon
 10820 | Lair:1   | Identified the +0 robe "Jokhack" {rElec Will+}
 10868 | Lair:1   | 10868 ||| INVOKING Berserk.
 10918 | Lair:1   | 10918 ||| READING scroll of acquirement.
 10918 | Lair:1   | 10918 ||| ACQUIRING +1 pair of gloves "Ussep" {rElec rF+
                  | Will+}
 10918 | Lair:1   | Acquired the +1 pair of gloves "Ussep" {rElec rF+ Will+}
 10935 | Lair:1   | 10935 ||| INVOKING Berserk.
 11186 | Lair:1   | Noticed a six-headed hydra
 11187 | Lair:1   | 11187 ||| INVOKING Brothers in Arms.
 11188 | Lair:1   | 11188 ||| INVOKING Brothers in Arms.
 11189 | Lair:1   | 11189 ||| INVOKING Brothers in Arms.
 11190 | Lair:1   | 11190 ||| INVOKING Brothers in Arms.
 11191 | Lair:1   | 11191 ||| SWAPPING to +0 morningstar.
 11192 | Lair:1   | 11192 ||| INVOKING Berserk.
 11195 | Lair:1   | Killed a six-headed hydra
 11204 | Lair:1   | 11204 ||| SWAPPING to +6 war axe "Ufeseiru" {freeze, rElec
                  | rF++}.
 11386 | Lair:1   | 11386 ||| UPGRADING to +0 cloak.
 11391 | Lair:1   | 11391 ||| READING scroll labelled KOUCUM SISA.
 11392 | Lair:1   | 11392 ||| READING 2 scrolls of identify.
 11392 | Lair:1   | 11392 ||| IDENTIFYING fuming puce potion
 11403 | Lair:2   | 11403 ||| INVOKING Berserk.
 11414 | Lair:2   | 11414 ||| STAIRDANCE
 11533 | Lair:2   | 11533 ||| Stepping ~*~*~tactically~*~*~ (stealth).
 11542 | Lair:2   | 11542 ||| INVOKING Berserk.
 11687 | Lair:2   | 11687 ||| INVOKING Berserk.
 11829 | Lair:2   | 11829 ||| INVOKING Berserk.
 11832 | Lair:2   | Reached skill level 12 in Fighting
 12044 | Lair:2   | 12044 ||| INVOKING Berserk.
 12198 | Lair:2   | 12198 ||| Stepping ~*~*~tactically~*~*~ (hiding).
 12200 | Lair:2   | Found a staircase to the Snake Pit.
 12404 | Lair:2   | 12404 ||| INVOKING Berserk.
 12408 | Lair:2   | Reached XP level 12. HP: 112/112 MP: 11/11
 12416 | Lair:2   | Reached skill level 6 in Dodging
 12921 | Lair:2   | 12921 ||| DROPPING amulet of faith.
 12922 | Lair:2   | 12922 ||| READING scroll labelled LEIGOABEGU.
 12948 | Lair:3   | 12948 ||| INVOKING Berserk.
 13094 | Lair:3   | 13094 ||| INVOKING Berserk.
 13220 | Lair:3   | 13220 ||| INVOKING Berserk.
 13636 | Lair:3   | 13636 ||| Stepping ~*~*~tactically~*~*~ (stealth).
 13639 | Lair:3   | Noticed a catoblepas
 13641 | Lair:3   | 13641 ||| INVOKING Berserk.
 13653 | Lair:3   | 13653 ||| Stepping ~*~*~tactically~*~*~ (cloud).
 13660 | Lair:3   | 13660 ||| Stepping ~*~*~tactically~*~*~ (cloud).
 13661 | Lair:3   | HP: 13/113 [catoblepas (17)]
 13662 | Lair:3   | 13662 ||| READING 3 scrolls of teleportation.
 13663 | Lair:3   | 13663 ||| DRINKING 2 potions of heal wounds.
 13664 | Lair:3   | 13664 ||| DRINKING potion of heal wounds.
 13666 | Lair:3   | 13666 ||| Stepping ~*~*~tactically~*~*~ (cloud).
 13668 | Lair:3   | 13668 ||| Stepping ~*~*~tactically~*~*~ (cloud).
 13670 | Lair:3   | 13670 ||| Stepping ~*~*~tactically~*~*~ (hiding).
 13671 | Lair:3   | 13671 ||| Stepping ~*~*~tactically~*~*~ (hiding).
 13672 | Lair:3   | 13672 ||| Stepping ~*~*~tactically~*~*~ (hiding).
 13674 | Lair:3   | Killed a catoblepas
 13728 | Lair:3   | 13728 ||| Stepping ~*~*~tactically~*~*~ (stealth).
 13730 | Lair:3   | 13730 ||| Stepping ~*~*~tactically~*~*~ (stealth).
 13731 | Lair:3   | 13731 ||| Stepping ~*~*~tactically~*~*~ (stealth).
 14003 | Lair:3   | Found a staircase to the Shoals.
 14440 | Lair:3   | 14440 ||| Stepping ~*~*~tactically~*~*~ (stealth).
 14441 | Lair:3   | 14441 ||| Stepping ~*~*~tactically~*~*~ (stealth).
 14446 | Lair:3   | 14446 ||| Stepping ~*~*~tactically~*~*~ (stealth).
 14455 | Lair:3   | Reached skill level 12 in Armour
 14695 | Lair:3   | 14695 ||| DROPPING +6 ring of intelligence.
 14696 | Lair:3   | 14696 ||| READING 2 scrolls of identify.
 14696 | Lair:3   | 14696 ||| IDENTIFYING bubbling purple potion
 14697 | Lair:3   | 14697 ||| DROPPING potion of attraction.
 14719 | Lair:4   | 14719 ||| STAIRDANCE
 14742 | Lair:4   | 14742 ||| STAIRDANCE
 14929 | Lair:4   | Found a frozen archway.
 14956 | Lair:4   | 14956 ||| INVOKING Berserk.
 15023 | Lair:4   | Found a viscous altar of Jiyva.
 15024 | Lair:4   | Found a staircase to the Slime Pits.
 15266 | Lair:4   | 15266 ||| INVOKING Berserk.
 15453 | Lair:4   | 15453 ||| INVOKING Berserk.
 15575 | Lair:4   | Noticed a boulder beetle
 15579 | Lair:4   | 15579 ||| INVOKING Berserk.
 15585 | Lair:4   | Killed a boulder beetle
 16032 | Lair:5   | Entered Level 5 of the Lair of Beasts
 16068 | Lair:5   | 16068 ||| Stepping ~*~*~tactically~*~*~ (hiding).
 16260 | Lair:5   | 16260 ||| INVOKING Berserk.
 16387 | Lair:5   | Noticed an eight-headed hydra
 16388 | Lair:5   | 16388 ||| INVOKING Brothers in Arms.
 16389 | Lair:5   | 16389 ||| Stepping ~*~*~tactically~*~*~ (stealth).
 16391 | Lair:5   | 16391 ||| INVOKING Brothers in Arms.
 16392 | Lair:5   | 16392 ||| INVOKING Brothers in Arms.
 16393 | Lair:5   | 16393 ||| SWAPPING to +0 morningstar.
 16394 | Lair:5   | 16394 ||| INVOKING Berserk.
 16397 | Lair:5   | Killed an eight-headed hydra
 16406 | Lair:5   | 16406 ||| SWAPPING to +6 war axe "Ufeseiru" {freeze, rElec
                  | rF++}.
 16560 | Lair:5   | Reached skill level 15 in Fighting
 16606 | Lair:5   | 16606 ||| INVOKING Berserk.
 16611 | Lair:5   | Noticed a death yak
 16612 | Lair:5   | Noticed a death yak
 16614 | Lair:5   | Reached XP level 13. HP: 126/126 MP: 12/12
 16633 | Lair:5   | HP: 24/126 [death yak (8)]
 16633 | Lair:5   | HP: 7/126 [death yak (17)]
 16634 | Lair:5   | 16634 ||| READING 2 scrolls of teleportation.
 16634 | Lair:5   | HP: 1/126 [death yak (7)]
 16634 | Lair:5   | Mangled by a death yak

Levels and vault maps discovered:
D:1:      wander_arrival_lonely_grave, layout_loops_ring, serial_shops,
          nicolae_shop_behind_doors, ebering_ecumenical_altar_abandoned
D:2:      layout_basic, minmay_crystal_room, minmay_3d_cube
D:3:      layout_basic, hangedman_abyss_or_decor_stabs
D:4:      layout_rooms, gammafunk_temple_overflow_statue,
          serial_co_window_serial, co_window_cross_1, co_window_corner_a,
          co_window_of_opportunity_a, co_window_corner_a, co_window_paths_b,
          co_window_2corner, co_window_broadway_a, co_window_corner_ca,
          co_window_2corner, co_window_broadway_c, co_window_broadway_a,
          glass_columns_a, glass_columns_a, glass_columns_a, glass_columns_b,
          corexii_item_surrounded_by_moat, kennysheep_nondescript, uniq_natasha
D:5:      layout_loops_ring, mainiacjoe_overflow_six_doors_small,
          nicolae_uskayaw_murder_on_the_dancefloor,
          minmay_temple_entry_junction, gup_sewer_entry_bubbles,
          lightli_church_of_beogh
D:6:      cheibrodos_iron_armory, layout_cave_pools,
          mainiacjoe_overflow_chevrons
D:7:      layout_cave_pools, okawaru_humans, mainiacjoe_overflow_catwalk,
          uniq_joseph, uniq_pikel
D:8:      layout_basic, minmay_hollow_rounded_squares
D:9:      layout_small_grid, mainiacjoe_overflow_paths,
          nicolae_dithmenos_the_darkroom, minmay_lair_entry_grove,
          grunt_decor_cap, dk_noncrumbling_4, uniq_psyche
Lair:1:   layout_big_grid, uniq_amaemon
Lair:2:   layout_hall_layers, guppyfry_snake_entry_garden, serial_bayou_shore_a
Lair:3:   layout_layer_cave, minmay_shoals_entry_beasts, serial_bayou,
          serial_bayou_lagoon_a, serial_bayou_pond_d, serial_bayou_pond_b,
          serial_bayou_crossing, grunt_megastairs_3
Lair:4:   layout_long_grid, minmay_slime_entry_pillars,
          portal_ice_cave_entry_pillars_2, beast_lair_carwin_11
Lair:5:   evil_forest, layout_hall_layers

Skill      XL: |  1  2  3  4  5  6  7  8  9 10 11 12 13 |
---------------+----------------------------------------+-----
Axes           | 4 5 6 7 9 10 12 13 16 | 16.2
Fighting       | 4 6 7 8 9 12 15 | 15.0
Armour         | 3 4 8 11 13 14 | 14.2
Dodging        | 3 4 5 7 |  7.5
Throwing       | 1 |  1.8

Action                   |  1- 3 |  4- 6 |  7- 9 | 10-12 | 13-15 || total
-------------------------+-------+-------+-------+-------+-------++-------
Melee: Hand axe          |    83 |     8 |       |       |       ||    91
       Headbutt          |     9 |    22 |    23 |    70 |     3 ||   127
       Punch             |     1 |     1 |       |     1 |       ||     3
       War axe           |       |   117 |   134 |   332 |    20 ||   603
       Morningstar       |       |       |       |    13 |       ||    13
Throw: Boomerang         |       |       |       |    12 |       ||    12
Invok: Berserk           |     1 |     6 |     9 |    28 |       ||    44
       Brothers in Arms  |       |       |       |     3 |       ||     3
  Use: Scroll            |     4 |     5 |     5 |    12 |     1 ||    27
       Potion            |       |     3 |     2 |     3 |       ||     8
 Stab: Petrifying        |       |       |       |     1 |       ||     1
       Petrified         |       |       |       |     1 |       ||     1
Armor: Animal skin       |     8 |       |       |       |       ||     8
       Chain mail        |     5 |    46 |    33 |       |       ||    84
       Plate armour      |       |       |     8 |   156 |    25 ||   189
Dodge: Dodged            |    33 |    45 |    79 |   149 |    24 ||   330

Table legend:
 A = Non-vault XP
 B = Vault XP
 C = Vault XP percentage of total XP
 D = Non-vault monster count
 E = Vault monster count
 F = Vault count percentage of total count
                 A         B        C        D         E       F
            +---------+---------+-------+---------+---------+-------
      Total |   27857 |   15798 |  36.2 |     257 |      63 |  19.7
            +---------+---------+-------+---------+---------+-------
        D:1 |      45 |       0 |   0.0 |      28 |       0 |   0.0
        D:2 |      81 |       3 |   3.6 |      20 |       2 |   9.1
        D:3 |      89 |       0 |   0.0 |      19 |       0 |   0.0
        D:4 |     459 |      36 |   7.3 |      31 |       1 |   3.1
        D:5 |     960 |       9 |   0.9 |      23 |       5 |  17.9
        D:6 |     398 |    1226 |  75.5 |       5 |       4 |  44.4
        D:7 |    1419 |    1515 |  51.6 |      20 |       4 |  16.7
        D:8 |    1948 |     792 |  28.9 |      19 |       6 |  24.0
        D:9 |    2070 |    3388 |  62.1 |      23 |      14 |  37.8
     Lair:1 |    2646 |    1187 |  31.0 |       5 |       2 |  28.6
     Lair:2 |    3585 |     468 |  11.5 |      17 |       3 |  15.0
     Lair:3 |    3362 |    2363 |  41.3 |      15 |       6 |  28.6
     Lair:4 |    3191 |    1596 |  33.3 |      11 |       7 |  38.9
     Lair:5 |    7604 |    3215 |  29.7 |      21 |       9 |  30.0
            +---------+---------+-------+---------+---------+-------
